 Dungeon Crawl Stone Soup version 0.24-a0-584-g9d6b971ae4 (webtiles) character file.

Game seed: 14041051319671031414, levelgen mode: deterministic

2608 Ijustatesigmund the Shield-Bearer (level 9, -9/74 HPs)
             Began as a Gnoll Fighter on Sept 4, 2019.
             Was a Believer of Okawaru.
             Blown up by Pikel (30 damage)
             ... with a disintegration bolt
             ... on level 7 of the Dungeon on Sept 5, 2019.
             The game lasted 00:11:32 (5830 turns).

Ijustatesigmund the Shield-Bearer (Gnoll Fighter)   Turns: 5830, Time: 00:11:32

Health: -9/74      AC: 26    Str: 18    XL:     9   Next: 59%
Magic:  13/15      EV: 16    Int: 12    God:    Okawaru [**....]
Gold:   217        SH: 13    Dex: 17    Spells: 16/16 levels left

rFire    . . .     SeeInvis .   y - +6 short sword (protect)
rCold    . . .     Gourm    .   c - +0 shield
rNeg     + . .     Faith    .   b - +4 ring mail
rPois    +         Spirit   .   (no helmet)
rElec    .         Reflect  .   w - +2 cloak
rCorr    .         Harm     .   d - +0 pair of gloves
MR       .....                  (no boots)
Stlth    ++++......             (no amulet)
HPRegen  0.22/turn              i - ring of poison resistance
MPRegen  0.14/turn              j - ring of positive energy

@: heroism, protection aura, lightly drained
A: distributed training, fangs 1, iridescent scales 1, blurry vision 1, strong
nose
a: Heroism, Renounce Religion


You were on level 7 of the Dungeon.
You worshipped Okawaru.
Okawaru was pleased with you.
You were hungry.

You visited 1 branch of the dungeon, and saw 8 of its levels.

You collected 307 gold pieces.
You spent 90 gold pieces at shops.

Inventory:

Hand Weapons
 a - a +1 war axe
 p - a +0 morningstar
 v - the +2 trident "Quymiur" {elec, Str+4}
   (You found it on level 6 of the Dungeon)

   Occasionally, upon striking a foe, it will discharge some electrical energy
   and cause terrible harm.
   It affects your strength (+4).
 y - a +6 short sword of protection (weapon)
Missiles
 t - 2 throwing nets (quivered)
Armour
 b - a +4 ring mail (worn)
 c - a +0 shield (worn)
 d - a +0 pair of gloves (worn)
 w - a +2 cloak (worn)
Jewellery
 i - a ring of poison resistance (left hand)
 j - a ring of positive energy (right hand)
Wands
 m - a wand of paralysis (10)
 x - a wand of enslavement (8)
 z - a wand of flame (13)
Scrolls
 e - 4 scrolls of magic mapping
 g - a scroll of enchant weapon
 o - a scroll of teleportation
 q - 3 scrolls of remove curse
 u - a scroll of amnesia
Potions
 h - a potion of heal wounds
 l - 5 potions of flight
 n - a potion of lignification
 r - a potion of haste
 A - a potion of degeneration {unknown}
Comestibles
 f - 13 rations


   Skills:
 + Level 7.9(12.6) Fighting
 + Level 4.3(9.0) Short Blades
 + Level 4.3(9.0) Long Blades
 + Level 6.3(11.0) Axes
 + Level 4.3(9.0) Maces & Flails
 + Level 4.3(9.0) Polearms
 + Level 4.3(9.0) Staves
 + Level 4.3(9.0) Slings
 + Level 4.3(9.0) Bows
 + Level 4.3(9.0) Crossbows
 + Level 4.3(9.0) Throwing
 + Level 7.9(12.6) Armour
 + Level 4.3(9.0) Dodging
 + Level 4.3(9.0) Stealth
 + Level 7.9(12.6) Shields
 + Level 4.3(9.0) Unarmed Combat
 + Level 4.3(4.0) Spellcasting
 + Level 3.5(3.3) Conjurations
 + Level 3.5(3.3) Hexes
 + Level 3.5(3.3) Charms
 + Level 3.5(3.3) Summonings
 + Level 3.5(3.3) Necromancy
 + Level 3.5(3.3) Translocations
 + Level 3.5(3.3) Transmutations
 + Level 3.5(3.3) Fire Magic
 + Level 3.5(3.3) Ice Magic
 + Level 3.5(3.3) Air Magic
 + Level 3.5(3.3) Earth Magic
 + Level 3.5(3.3) Poison Magic
 + Level 4.7(4.5) Invocations
 + Level 4.3(4.0) Evocations


You had 16 spell levels left.
You didn't know any spells.
Your spell library was empty.

Dungeon Overview and Level Annotations

Branches:
Dungeon (8/15)             Temple (0/1) D:6
   Lair: D:8-11

Altars:
Ashenzari
Cheibriados
Dithmenos
Okawaru
Ru
Trog
Uskayaw
Wu Jian
Yredelemnul
Zin

Shops:
D:7 (

Annotations:
D:7 Pikel


Innate Abilities, Weirdness & Mutations

Your experience applies equally to all skills.
You have very sharp teeth.
Your uncanny sense of smell can sniff out nearby items.
You are partially covered in iridescent scales. (AC +2)
Scrolls take you a little longer to read.


Message History

Pikel is lightly wounded.
The quokka bites you but does no damage.
You hit Pikel.
Pikel is lightly wounded.
Pikel zaps a wand.
You are blasted!
* * * LOW HITPOINT WARNING * * *
You block the quokka's attack.
You barely miss Pikel.
Pikel is lightly wounded.
You block Pikel's attack. You block the quokka's attack.
You hit Pikel. You bite Pikel, but do no damage.
Pikel is lightly wounded.
The quokka completely misses you.
You puncture Pikel!
Pikel is moderately wounded.
Pikel hits you but does no damage.
You hit Pikel. Your bite misses Pikel.
Pikel is heavily wounded.
You block the quokka's attack.
Pikel zaps a wand.
You are blasted!
You die...

.....##################........##
####......................##'#...
#..............)......>#..#...
#......................'..#...
####......................####...
.....#'#####+##.......#####..#...
.....#....#...#.......#...#..#...
.....#....#...+)K..).÷'...#..'...
.....'....#...#.@†....#..#####...
.....#....#...#..r....######.....
.....#....#...#.......'....#.....
.....########'#.......#....#.<...
#####............######....#.....
#............#...'.....#.....
#............+...#.....#.....
#####............##..##....#.....
......##'##############....#.....


You could see Pikel and a quokka.

Vanquished Creatures
  Maurice (D:7)
  Duvessa (D:7)
  2 black bears
  An orc warrior (D:7)
  A sky beast (D:6)
  An ice beast (D:5)
  A phantom (D:7)
  3 slaves
  2 ogres
  A necrophage (D:6)
  A centaur (D:7)
  A big kobold (D:7)
  4 bullfrogs
  Dowan (D:7)
  A howler monkey (D:4)
  3 crimson imps
  A hound (D:7)
  A jelly (D:5)
  4 orc priests
  A centaur skeleton (D:3)
  2 bullfrog skeletons
  A gnoll shaman (D:5)
  Jessica (D:2)
  A hell rat (D:7)
  2 orc wizards (D:6)
  6 worker ants
  4 gnolls
  5 adders
  A shadow imp (D:5)
  An ooze (D:6)
  4 dart slugs
  6 leopard geckos
  24 orcs
  6 giant cockroaches
  11 goblins
  11 hobgoblins
  3 jackals (D:6)
  13 kobolds
  3 bats
  7 frilled lizards
  2 quokka skeletons
  10 rats
156 creatures vanquished.

Notes
Turn   | Place    | Note
-------+----------+-------------------------------------------
     0 | D:1      | Ijustatesigmund the Gnoll Fighter began the quest for the
                  | Orb.
     0 | D:1      | Reached XP level 1. HP: 23/23 MP: 1/1
    36 | D:1      | Reached XP level 2. HP: 28/29 MP: 2/2
   118 | D:1      | Reached XP level 3. HP: 35/35 MP: 3/3
   399 | D:1      | Reached skill level 1 in Invocations
   477 | D:1      | Reached skill level 1 in Short Blades
   477 | D:1      | Reached skill level 1 in Long Blades
   477 | D:1      | Reached skill level 1 in Maces & Flails
   477 | D:1      | Reached skill level 1 in Polearms
   477 | D:1      | Reached skill level 1 in Staves
   477 | D:1      | Reached skill level 1 in Slings
   477 | D:1      | Reached skill level 1 in Bows
   477 | D:1      | Reached skill level 1 in Crossbows
   477 | D:1      | Reached skill level 1 in Throwing
   477 | D:1      | Reached skill level 1 in Dodging
   477 | D:1      | Reached skill level 1 in Stealth
   477 | D:1      | Reached skill level 1 in Unarmed Combat
   477 | D:1      | Reached skill level 1 in Spellcasting
   477 | D:1      | Reached skill level 1 in Evocations
   556 | D:1      | Gained mutation: Scrolls take you a little longer to read.
                  | [potion of mutation]
   556 | D:1      | Gained mutation: You are partially covered in iridescent
                  | scales. (AC +2) [potion of mutation]
   598 | D:2      | Reached XP level 4. HP: 41/41 MP: 5/5
   633 | D:2      | Noticed Jessica
   643 | D:2      | Killed Jessica
   643 | D:2      | Reached skill level 1 in Conjurations
   643 | D:2      | Reached skill level 1 in Hexes
   643 | D:2      | Reached skill level 1 in Charms
   643 | D:2      | Reached skill level 1 in Summonings
   643 | D:2      | Reached skill level 1 in Necromancy
   643 | D:2      | Reached skill level 1 in Translocations
   643 | D:2      | Reached skill level 1 in Transmutations
   643 | D:2      | Reached skill level 1 in Fire Magic
   643 | D:2      | Reached skill level 1 in Ice Magic
   643 | D:2      | Reached skill level 1 in Air Magic
   643 | D:2      | Reached skill level 1 in Earth Magic
   643 | D:2      | Reached skill level 1 in Poison Magic
   850 | D:2      | Noticed an ogre
   858 | D:2      | HP: 1/41 [ogre/+0 giant club (3)]
   859 | D:2      | Killed an ogre
   859 | D:2      | Reached XP level 5. HP: 1/47 MP: 5/7
  1635 | D:3      | Reached XP level 6. HP: 53/53 MP: 8/8
  1800 | D:3      | Reached skill level 5 in Axes
  1879 | D:3      | Found an ornate altar of the Wu Jian Council.
  1967 | D:3      | Found a shattered altar of Ashenzari.
  2311 | D:4      | Found a sacrificial altar of Ru.
  2311 | D:4      | Found an iron altar of Okawaru.
  2312 | D:4      | Found a hide-covered altar of Uskayaw.
  2401 | D:4      | Found a snail-covered altar of Cheibriados.
  2405 | D:4      | Became a worshipper of Warmaster Okawaru
  2731 | D:4      | Reached XP level 7. HP: 54/59 MP: 10/10
  3047 | D:4      | Found a bloodstained altar of Trog.
  3362 | D:5      | Entered Level 5 of the Dungeon
  3509 | D:5      | Found Zin's Purification Station.
  3512 | D:5      | Found a glowing silver altar of Zin.
  3515 | D:5      | Bought a potion of curing for 90 gold pieces
  3594 | D:5      | Reached * piety under Okawaru
  3609 | D:5      | Reached XP level 8. HP: 67/67 MP: 10/12
  4069 | D:6      | Found a basalt altar of Yredelemnul.
  4190 | D:6      | Reached ** piety under Okawaru
  4223 | D:6      | Found a staircase to the Ecumenical Temple.
  4432 | D:6      | Found a shadowy altar of Dithmenos.
  4520 | D:6      | Found a glowing silver altar of Zin.
  4528 | D:6      | Got a translucent trident
  4529 | D:6      | Identified the +2 trident "Quymiur" {elec, Str+4} (You
                  | found it on level 6 of the Dungeon)
  4614 | D:7      | Found Mepniolu's Weapon Shoppe.
  4614 | D:7      | Noticed Dowan
  4615 | D:7      | Noticed Duvessa
  4627 | D:7      | Killed Duvessa
  4634 | D:7      | Killed Dowan
  4634 | D:7      | Reached XP level 9. HP: 66/72 MP: 14/14
  5559 | D:8      | Noticed Maurice
  5563 | D:8      | Noticed Pikel
  5600 | D:7      | Killed Maurice
  5600 | D:7      | Reached *** piety under Okawaru
  5815 | D:8      | Noticed a death yak
  5821 | D:8      | Noticed a death yak
  5830 | D:7      | Blown up by Pikel

Levels and vault maps discovered:
D:1:      saegor_arrival_miasma, layout_loops_cross, serial_park_tiny_1,
          serial_bayou_pond_b, minmay_tall_x
D:2:      layout_rooms, uniq_jessica
D:3:      layout_loops_ring, lemuel_coloured_pillars_altar,
          nicolae_overflow_crystal_walls, first_ration, grunt_ministairs_6
D:4:      minmay_recursive_quarters, layout_basic,
          nicolae_overflow_quartered_altars, trog_book
D:5:      layout_basic, zin_purify
D:6:      layout_loops_ring, nicolae_dithmenos_the_darkroom,
          minmay_temple_entry_wispy, basic_altar, yredelemnul_altar_generic
D:7:      layout_gridville, serial_shops, nicolae_shop_stone, uniq_duvessa
D:8:      layout_basic, dpeg_lair_monsters, the_bakery, nicolae_blasting_shop,
          uniq_prince_ribbit1, uniq_maurice, uniq_pikel

Skill      XL: |  1  2  3  4  5  6  7  8  9 |
---------------+----------------------------+-----
Invocations    | 1 2 3 4 |  4.7
Short Blades   | 1 2 3 4 |  4.3
Long Blades    | 1 2 3 4 |  4.3
Maces & Flails | 1 2 3 4 |  4.3
Polearms       | 1 2 3 4 |  4.3
Staves         | 1 2 3 4 |  4.3
Slings         | 1 2 3 4 |  4.3
Bows           | 1 2 3 4 |  4.3
Crossbows      | 1 2 3 4 |  4.3
Throwing       | 1 2 3 4 |  4.3
Dodging        | 1 2 3 4 |  4.3
Stealth        | 1 2 3 4 |  4.3
Unarmed Combat | 1 2 3 4 |  4.3
Spellcasting   | 1 2 3 4 |  4.3
Evocations     | 1 2 3 4 |  4.3
Conjurations   | 1 2 3 |  3.5
Hexes          | 1 2 3 |  3.5
Charms         | 1 2 3 |  3.5
Summonings     | 1 2 3 |  3.5
Necromancy     | 1 2 3 |  3.5
Translocations | 1 2 3 |  3.5
Transmutations | 1 2 3 |  3.5
Fire Magic     | 1 2 3 |  3.5
Ice Magic      | 1 2 3 |  3.5
Air Magic      | 1 2 3 |  3.5
Earth Magic    | 1 2 3 |  3.5
Poison Magic   | 1 2 3 |  3.5
Axes           | 5 6 |  6.3
Fighting       | 7 |  7.9
Armour         | 7 |  7.9
Shields        | 7 |  7.9

Action                   |  1- 3 |  4- 6 |  7- 9 || total
-------------------------+-------+-------+-------++-------
Melee: War axe           |    77 |   188 |   169 ||   434
       Bite              |     9 |    24 |    48 ||    81
       Trident           |       |       |    14 ||    14
       Short sword       |       |       |   162 ||   162
Invok: Heroism           |       |       |     2 ||     2
  Use: Scroll            |     2 |     8 |     5 ||    15
       Potion            |     1 |     1 |     3 ||     5
  Eat: Chunk             |       |     6 |    10 ||    16
Armor: Scale mail        |    39 |    60 |       ||    99
       Chain mail        |       |     4 |    33 ||    37
       Plate armour      |       |       |   106 ||   106
       Ring mail         |       |       |    31 ||    31
       Skin              |       |       |    16 ||    16
Dodge: Dodged            |    27 |    59 |   117 ||   203
Block: Shield            |    37 |   104 |   238 ||   379

Table legend:
 A = Non-vault XP
 B = Vault XP
 C = Vault XP percentage of total XP
 D = Non-vault monster count
 E = Vault monster count
 F = Vault count percentage of total count
                 A         B        C        D         E       F
            +---------+---------+-------+---------+---------+-------
      Total |    2903 |     823 |  22.1 |     138 |      15 |   9.8
            +---------+---------+-------+---------+---------+-------
        D:1 |      71 |      10 |  12.3 |      32 |       5 |  13.5
        D:2 |     162 |      37 |  18.6 |      12 |       1 |   7.7
        D:3 |     175 |       1 |   0.6 |      36 |       1 |   2.7
        D:4 |     227 |      49 |  17.8 |      11 |       4 |  26.7
        D:5 |     599 |       0 |   0.0 |      16 |       0 |   0.0
        D:6 |     871 |       0 |   0.0 |      16 |       0 |   0.0
        D:7 |     798 |     726 |  47.6 |      15 |       4 |  21.1
            +---------+---------+-------+---------+---------+-------
